 Dungeon Crawl Stone Soup version 0.29-a0-1047-g7c58e119a4 (webtiles) character file.

Game seed: 13126151421327592569

437 Sobieck the Grappler (level 7, -2/55 HPs)
             Began as a Ghoul Gladiator on Aug 16, 2022.
             Slain by Duvessa
             ... wielding a +4 rapier of speed
              (8 damage)
             ... on level 4 of the Dungeon.
             The game lasted 00:07:19 (3752 turns).

Sobieck the Grappler (Ghoul Gladiator)              Turns: 3752, Time: 00:07:20

Health: -2/55      AC:  7    Str: 20    XL:     7   Next: 1%
Magic:  6/6        EV: 15    Int:  3    God:
Gold:   149        SH:  0    Dex: 10    Spells: 6/6 levels left

rFire   + . .      SeeInvis .     - Unarmed
rCold   + + .      Faith    .   (no shield)
rNeg    + + +      Spirit   .   l - +0 ring mail
rPois   ∞          Reflect  .   r - +1 helmet
rElec   .          Harm     .   L - scarf {rC+ rF+}
rCorr   .          Rampage  .   (no gloves)
Will    .....                   (no boots)
Stlth   ..........              (no amulet)
HPRegen 0.00/turn               o - +4 ring of evasion
MPRegen 0.10/turn               (no ring)

@: inhibited regen, hasted, very quick
A: claws 1, cold resistance 1, negative energy resistance 3, inhibited
regeneration, torment resistance 2, devour on kill
a: no special abilities


You were on level 4 of the Dungeon.
You visited 1 branch of the dungeon, and saw 4 of its levels.

You collected 149 gold pieces.


Innate Abilities, Weirdness & Mutations

You are immune to poison.
You have sharp fingernails.
Your flesh is cold resistant. (rC+)
You are immune to negative energy. (rN+++)
You do not regenerate when monsters are visible.
You are immune to unholy pain and torment.
You thrive by killing the living.


   Skills:
 - Level 2.1 Fighting
 - Level 1.7 Throwing
 - Level 2.6 Dodging
 + Level 8.4 Unarmed Combat


You had 6 spell levels left.
You didn't know any spells.
Your spell library contained the following spells:

 Spells                   Type           Power      Damage    Failure   Level
 Portal Projectile        Hex/Tloc       0%         N/A       97%         3
 Tukima's Dance           Hex            0%         N/A       97%         3
 Blade Hands              Tmut           Unusable   N/A       N/A         5

Inventory:

Hand Weapons
 b - a +0 sling
   (You took it off a goblin on level 2 of the Dungeon)
Missiles
 c - 3 throwing nets {=f!fthrowing}
 d - a javelin {throwing}
 n - 17 stones {throwing}
 F - 3 boomerangs {throwing}
Armour
 a - a +0 leather armour
 e - a +0 ring mail
   (You took it off an orc on level 4 of the Dungeon)
 j - a +0 robe
   (You found it on level 1 of the Dungeon)
 k - a +0 robe
   (You found it on level 1 of the Dungeon)
 l - a +0 ring mail (worn)
   (You found it on level 1 of the Dungeon)
 m - a +0 pair of boots
   (You found it on level 1 of the Dungeon)
 r - a +1 helmet (worn)
 s - a +0 ring mail
   (You found it on level 2 of the Dungeon)
 w - a +0 ring mail
   (You found it on level 2 of the Dungeon)
 x - a +0 robe
   (You found it on level 2 of the Dungeon)
 y - a +0 scale mail
   (You found it on level 2 of the Dungeon)
 z - a +0 scale mail
   (You found it on level 2 of the Dungeon)
 A - a +0 leather armour
   (You found it on level 2 of the Dungeon)
 B - a +0 ring mail
   (You found it on level 3 of the Dungeon)
 C - a +0 ring mail
   (You found it on level 3 of the Dungeon)
 G - a +0 ring mail
   (You took it off an orc on level 3 of the Dungeon)
 H - a +0 leather armour
   (You took it off an orc priest on level 3 of the Dungeon)
 I - a +0 scale mail
   (You took it off Terence on level 3 of the Dungeon)
 J - a +0 robe
   (You found it on level 3 of the Dungeon)
 L - a scarf of resistance (worn)
   (You found it on level 3 of the Dungeon)
 M - a +0 leather armour
   (You took it off an orc priest on level 3 of the Dungeon)
Magical Staves
 u - a staff of death {!astaff}
   (You found it on level 2 of the Dungeon)
Jewellery
 o - a +4 ring of evasion (left claw)
   (You found it on level 1 of the Dungeon)
Wands
 f - a wand of charming (8)
   (You found it on level 4 of the Dungeon)
Scrolls
 g - a scroll of poison
 v - a scroll of identify {@r1}
Potions
 h - a potion of resistance
 i - a potion of degeneration {unknown}
 p - 4 potions of curing {@q1}
 q - 3 potions of heal wounds {@q2}
 D - a potion of cancellation {unknown}
 K - a potion of attraction {unknown}

Dungeon Overview and Level Annotations

Branches:
Dungeon (4/15) Zot: 20261
 Temple: D:4-7

Altars:

Annotations:
D:4 1 runed translucent door, Crazy Yiuf, Dowan, Duvessa

#.......# #...#
#.......# )).
###...)..)# #+#
####........<# ♣)♣♣
#....#.>.....# ♣♣.♣ ##
#############.......#
♣.♣♣
.###........####.......#
♣♣.♣
..##...#).e...##.......#
♣♣.♣♣
...#...##.....##@......#
♣♣.P.♣
...'...##......#e......#
♣PP..♣
...#...####......#.....#
#....# ..##...#
#############.####....#
.###.e.###...##
#........## ##
#..e##.....## #####...##
####...#.......# #####
..##...'.......#
..##...#.......#


You could see Duvessa.


Message History

You resist with significant effort.
Unknown command.
Unknown command.
You are now empty-clawed.
Unknown command.
Unknown command.
Danger!
Grinder says, "Don't move a muscle."
Grinder barely misses you.
You claw Grinder! Grinder hits you.
You claw Grinder! You closely miss Grinder.
Grinder blinks!
No target in view!
No target in view!
Unknown command.
You start resting.
Grinder is nearby!
Danger!
You scratch Grinder. Grinder barely misses you.
You scratch Grinder. Grinder completely misses you.
You claw Grinder!
You kill Grinder!
Your Unarmed Combat skill increases to level 8!
You have reached level 7!
Unknown command.
You don't know any spells.
Unknown command.
Unknown command.
b - a +0 sling (weapon)
Unknown command.
Unknown command.
Your movement speed is average.
Your attack delay is about 1.4.
Unknown command.
Unknown command.
There is a stone staircase leading up here.
Things that are here:
a +0 flail of holy wrath {mace}; an orc skeleton You see here a +0 quarterstaff {staff}.
Dowan, Brother of Duvessa comes into view.
He is wielding a +0 dagger.
Danger!
Unknown command.
Unknown command.
You start waiting.
Duvessa, Sister of Dowan comes into view.
She is wielding a +4 rapier of speed and carrying a wand of flame (11).
Danger!
You shoot a sling bullet.
Duvessa shouts!
The sling bullet hits Duvessa but does no damage.
You hear a shout!
Unknown command.
Duvessa zaps a wand.
The puff of flame hits you. You resist.
Duvessa zaps a wand.
The puff of flame misses you.
Items here: )) ? †.
Unknown command.
Unknown command.
Unknown command.
Danger!
Unknown command.
You shoot a sling bullet.
The sling bullet hits Duvessa but does no damage.
Duvessa zaps a wand.
The puff of flame hits you but does no damage.
You resist.
You shoot a sling bullet.
The sling bullet hits Duvessa but does no damage.
Duvessa zaps a wand.
The puff of flame hits you. You resist.
You are now empty-clawed.
Unknown command.
Unknown command.
Danger!
Okay, then.
Unknown command.
You closely miss Duvessa. Duvessa barely misses you.
You barely miss Duvessa.
Duvessa hits you with a +4 rapier of speed!
You are too injured to fight recklessly!
Unknown command.
You feel yourself speed up.
Duvessa hits you with a +4 rapier of speed!
Duvessa hits you with a +4 rapier of speed.
You barely miss Duvessa. You scratch Duvessa.
Duvessa zaps a wand.
The puff of flame hits you. You resist.
* * * LOW HITPOINT WARNING * * *
You scratch Duvessa but do no damage. You claw Duvessa. You scratch Duvessa.
Duvessa hits you with a +4 rapier of speed!
* * * LOW HITPOINT WARNING * * *
You scratch Duvessa.
Duvessa hits you with a +4 rapier of speed!
* * * LOW HITPOINT WARNING * * *
You barely miss Duvessa. Duvessa closely misses you.
Unknown command.
You scratch Duvessa. Duvessa completely misses you.
You claw Duvessa!
Duvessa hits you with a +4 rapier of speed!
You die...

Skill      XL: |  1  2  3  4  5  6 |
---------------+-------------------+-----
Unarmed Combat | 4 5 6 7 8 |  8.4
Fighting       | |  2.1
Throwing       | |  1.7
Dodging        | |  2.6

Action                   |  1- 3 |  4- 6 |  7- 9 || total
-------------------------+-------+-------+-------++-------
Melee: Unarmed           |   107 |    71 |    10 ||   188
       Punch             |       |     3 |     1 ||     4
 Fire: Sling             |    30 |    45 |     3 ||    78
  Use: Scroll            |       |     9 |       ||     9
       Potion            |       |       |     1 ||     1
Armor: Leather armour    |    30 |       |       ||    30
       Ring mail         |     7 |    19 |       ||    26
Dodge: Dodged            |    72 |    41 |     4 ||   117

Levels and vault maps discovered:
D:1:      dreamdust_arrival_beginning_and_end, layout_loops_ring
D:2:      minmay_angry_zag, layout_basic, minmay_heptomino_h4
D:3:      layout_loops_corners, mainiacjoe_overflow_catwalk, uniq_terence
D:4:      minmay_opposing_rooms, layout_rooms, serial_shops,
          kennysheep_little_box, corexii_hall_statues_t, uniq_ijyb,
          uniq_duvessa, uniq_crazy_yiuf_cottage, uniq_grinder

Notes
Turn   | Place    | Note
-------+----------+-------------------------------------------
     0 | D:1      | Sobieck the Ghoul Gladiator began the quest for the Orb.
     0 | D:1      | Reached XP level 1. HP: 17/17 MP: 0/0
    79 | D:1      | Reached XP level 2. HP: 24/24 MP: 1/1
    99 | D:1      | Reached skill level 4 in Unarmed Combat
   912 | D:2      | Reached XP level 3. HP: 29/29 MP: 2/2
  1272 | D:2      | Reached skill level 5 in Unarmed Combat
  1858 | D:3      | Reached XP level 4. HP: 33/36 MP: 3/3
  2382 | D:3      | Reached skill level 6 in Unarmed Combat
  2382 | D:3      | Reached XP level 5. HP: 30/41 MP: 4/4
  2520 | D:3      | Noticed Terence
  2537 | D:3      | Killed Terence
  2961 | D:3      | Reached skill level 7 in Unarmed Combat
  3194 | D:4      | Reached XP level 6. HP: 48/48 MP: 5/5
  3503 | D:4      | Found a runed translucent door.
  3504 | D:4      | Noticed Crazy Yiuf
  3592 | D:4      | You pick up a book of Weapons and begin reading...
  3592 | D:4      | You add the spells Tukima's Dance and Portal Projectile to
                  | your library.
  3618 | D:4      | Noticed Grinder
  3661 | D:4      | Killed Grinder
  3662 | D:4      | Reached skill level 8 in Unarmed Combat
  3662 | D:4      | Reached XP level 7. HP: 54/55 MP: 6/6
  3710 | D:4      | Noticed Dowan
  3717 | D:4      | Noticed Duvessa
  3748 | D:4      | HP: 13/55 [Duvessa/+4 rapier of speed (12)]
  3749 | D:4      | HP: 6/55 [Duvessa/+4 rapier of speed (7)]
  3752 | D:4      | Slain by Duvessa

Vanquished Creatures
  Grinder (D:4)
  3 orc priests (D:3)
  Terence (D:3)
  4 adders
  2 worms (D:3)
  A dart slug (D:2)
  8 orcs
  5 endoplasms
  8 giant cockroaches
  7 goblins
  4 hobgoblins
  3 jackals (D:3)
  5 kobolds
  3 quokkas
  3 ball pythons
  10 bats
  2 frilled lizards
  7 rats
77 creatures vanquished.

Table legend:
 A = Non-vault XP
 B = Vault XP
 C = Vault XP percentage of total XP
 D = Non-vault monster count
 E = Vault monster count
 F = Vault count percentage of total count
                 A         B        C        D         E       F
            +---------+---------+-------+---------+---------+-------
      Total |     272 |     353 |  56.5 |      63 |      14 |  18.2
            +---------+---------+-------+---------+---------+-------
        D:1 |      26 |       0 |   0.0 |      16 |       0 |   0.0
        D:2 |      39 |      15 |  27.8 |      19 |       7 |  26.9
        D:3 |     201 |      36 |  15.2 |      25 |       1 |   3.8
        D:4 |       6 |     302 |  98.1 |       3 |       6 |  66.7
            +---------+---------+-------+---------+---------+-------

Illustrated notes

Table legend:
 A = Kills in this place as a percentage of kills in entire the game.
 B = Kills by you in this place as a percentage of kills by you in the entire game.
 C = Kills by friends in this place as a percentage of kills by friends in the entire game.
 D = Other kills in this place as a percentage of other kills in the entire game.
 E = Experience gained in this place as a percentage of experience gained in the entire game.
 F = Experience gained in this place divided by the number of levels of this place that you have seen.
                   A       B       C       D       E      F
               +-------+-------+-------+-------+-------+----------------------
         Total | 100.0 | 100.0 |   N/A |   N/A | 100.0 | 156.2
       Dungeon | 100.0 | 100.0 |   N/A |   N/A | 100.0 | 156.2
               +-------+-------+-------+-------+-------+----------------------

Table legend: (Time is in decaauts)
 A = Elapsed time spent in this place.
 B = Non-inter-level travel time spent in this place.
 C = Inter-level travel time spent in this place.
 D = Time resting spent in this place.
 E = Time spent auto-exploring this place.
 F = Levels seen in this place.
 G = Mean time per level.
                   A        B        C        D        E       F      G
               +--------+--------+--------+--------+--------+-----+--------+
         Total |   3737 |   3520 |    217 |    305 |   2538 |   4 |  934.2 |
       Dungeon |   3737 |   3520 |    217 |    305 |   2538 |   4 |  934.2 |
               +--------+--------+--------+--------+--------+-----+--------+

Top non-repeatable levels by time:
     D:3: 1442 daAuts
     D:2: 967 daAuts
     D:1: 809 daAuts
     D:4: 518 daAuts
